 Dungeon Crawl Stone Soup version 0.30-a0-743-gbfdf073431 (webtiles) character file.

Game seed: 14626505006236217986

103 Dirtsage the Slasher (level 4, -1/33 HPs)
             Began as a Demonspawn Brigand on Feb 8, 2023.
             Slain by a gnoll
             ... wielding a +0 flail
              (7 damage)
             ... on level 2 of the Dungeon.
             The game lasted 00:04:20 (2470 turns).

Dirtsage the Slasher (Demonspawn Brigand)           Turns: 2470, Time: 00:04:20

Health: -1/33      AC:  6    Str: 11    XL:     4   Next: 51%
Magic:  13/13      EV: 11    Int: 12    God:
Gold:   84         SH:  0    Dex: 17    Spells: 3/3 levels left

rFire   + . .      SeeInvis .    h - +1 dagger (vamp)
rCold   . . .      Faith    .    (no shield)
rNeg    . . .      Spirit   .    b - +0 robe
rPois   .          Reflect  .    (no helmet)
rElec   .          Harm     .    c - +0 cloak
rCorr   .          Rampage  .    (no gloves)
Will    .....                    (no boots)
Stlth   +++                      (no amulet)
HPRegen 0.25/turn                F - ring of protection from fire
MPRegen 0.13/turn                i - ring of magical power

@: no status effects
A: molten scales 2
a: no special abilities


You were on level 2 of the Dungeon.
You visited 1 branch of the dungeon, and saw 3 of its levels.

You collected 84 gold pieces.

Inventory:

Hand Weapons
 a - a +2 dagger
 h - a +1 vampiric dagger (weapon)
Missiles
 d - 9 poisoned darts (quivered)
 e - 3 curare-tipped darts
Armour
 b - a +0 robe (worn)
 c - a +0 cloak (worn)
Jewellery
 i - a ring of magical power (right hand)
 F - a ring of protection from fire (left hand)
Scrolls
 f - 4 scrolls of identify {unknown}
 k - a scroll of fog {unknown}
 m - a scroll of magic mapping {unknown}
 r - a scroll of teleportation {unknown}
Potions
 g - a potion of berserk rage {unknown}
 j - a potion of attraction {unknown}
 l - 2 potions of curing {unknown}
 n - a potion of magic {unknown}
 o - a potion of mutation {unknown}
 p - a potion of degeneration {unknown}
 q - 2 potions of heal wounds {unknown}


   Skills:
 - Level 2.0 Fighting
 - Level 1.7(3.0) Short Blades
 + Level 3.8(4.1) Long Blades
 - Level 1.7 Throwing
 - Level 0.8 Dodging
 - Level 3.6 Stealth


You had 3 spell levels left.
You didn't know any spells.
Your spell library contained the following spells:

 Spells                   Type           Power      Damage    Failure   Level
 Tukima's Dance           Hex            0%         N/A       69%         3
 Passage of Golubria      Tloc           0%         N/A       97%         4
 Yara's Violent Unravell  Hex/Tmut       0%         3d3       100%        5


Dungeon Overview and Level Annotations

Branches:
Dungeon (3/15)

Altars:

Shops:
D:1 (   D:2 [


Innate Abilities, Weirdness & Mutations

You are mostly covered in molten scales. (AC +3)


Message History

The worm is almost dead.
The worm bites you.
You take 2 damage, and have 21/33 hp.
You hit the worm but do no damage.
The worm is almost dead.
You hit the worm.
You feel better.
The worm is almost dead.
The worm bites you.
You take 4 damage, and have 17/33 hp.
You hit the worm but do no damage.
The worm is almost dead.
You barely miss the worm.
The worm is almost dead.
The worm barely misses you.
You hit the worm.
The worm is almost dead.
You barely miss the worm.
The worm is almost dead.
The worm bites you.
You take 6 damage, and have 12/33 hp.
You hit the worm.
You feel better.
You kill the worm!
You regained 2 hp, and now have 14/33 hp.
You hit the gnoll.
The gnoll is lightly wounded.
The gnoll misses you.
You hit the gnoll.
You feel better.
The gnoll is moderately wounded.
The gnoll barely misses you.
You hit the gnoll.
The gnoll is heavily wounded.
The gnoll hits you with a +0 flail!
* * * LOW HITPOINT WARNING * * *
You take 10 damage, and have 5/33 hp.
MASSIVE DAMAGE!!
You hit the gnoll.
You feel better.
The gnoll is heavily wounded.
You hit the gnoll but do no damage.
The gnoll is heavily wounded.
The gnoll hits you with a +0 flail!
You die...

.# ##.###.###.#..######.# # .##
#.## ##..............# #
..#####..###.###.#..######.# #
#.(.......#.####.#..######.######
...####.##.###..#...............#
##.# ##†##.# #.#.#..######..###.#
#.###...#.# #..))..# #..# #.#
##.##..#...# #.#g##.# ####..# #.#
...##.###..# #.#@##.# #.....# #.#
#####..#..>###.#.##.###.###.# #.÷
####.....#.................÷# ###
.<......###.##.########.###.#
####.#.## ##...# #.# #.# #
#.##<###.##.# #.# #.# #
#.###.#.###.# #.# #.# ####.#
##.####.### #.# #.# .....#
#.##.....######)# #.#


You could see a gnoll.

Vanquished Creatures
  3 gnolls
  3 adders
  2 worms (D:2)
  5 endoplasms
  4 giant cockroaches
  3 goblins
  7 hobgoblins
  3 kobolds
  4 quokkas
  2 bats
  3 frilled lizards (D:2)
  A rat (D:1)
40 creatures vanquished.

Notes
Turn   | Place    | Note
-------+----------+-------------------------------------------
     0 | D:1      | Dirtsage the Demonspawn Brigand began the quest for the
                  | Orb.
     0 | D:1      | Reached XP level 1. HP: 16/16 MP: 1/1
   202 | D:1      | Reached skill level 1 in Long Blades
   263 | D:1      | Found a faded altar of an unknown god.
   390 | D:1      | Gained mutation: You are partially covered in molten
                  | scales. (AC +2) [demonic ancestry]
   390 | D:1      | Reached XP level 2. HP: 21/22 MP: 2/2
   505 | D:1      | Found Efoylui's Antique Weapon Shoppe.
  1028 | D:2      | Reached XP level 3. HP: 20/27 MP: 3/3
  1387 | D:2      | Found Tarreal's Armour Boutique.
  1798 | D:3      | Gained mutation: You are mostly covered in molten scales.
                  | (AC +3) [demonic ancestry]
  1798 | D:3      | Reached XP level 4. HP: 23/33 MP: 4/4
  2470 | D:2      | Slain by a gnoll

Illustrated notes

Levels and vault maps discovered:
D:1:      nicolae_arrival_somewhat_less_tricky_arrival, layout_basic,
          serial_shops, nicolae_diamond_shop, ebering_ecumenical_altar_mist,
          st_stairs_3
D:2:      layout_loops_ring, serial_shops, nicolae_shop_hallway_stairs
D:3:      layout_rooms, nicolae_overflow_crystal_walls,
          nicolae_wu_jian_immortal_techniques

Skill      XL: |  1  2  3 |
---------------+----------+-----
Long Blades    | 1 2 3 |  3.8
Fighting       | |  2.0
Short Blades   | |  1.7
Throwing       | |  1.7
Dodging        | |  0.8
Stealth        | |  3.6

Action                     |  1- 3 |  4- 6 || total
---------------------------+-------+-------++-------
  Melee: Dagger            |   153 |    59 ||   212
   Stab: Sleeping          |    13 |     1 ||    14
 Armour: Robe              |    35 |     4 ||    39
  Dodge: Dodged            |    68 |    26 ||    94

Table legend: (Time is in decaauts)
 A = Elapsed time spent in this place.
 B = Non-inter-level travel time spent in this place.
 C = Inter-level travel time spent in this place.
 D = Time resting spent in this place.
 E = Time spent auto-exploring this place.
 F = Levels seen in this place.
 G = Mean time per level.
                   A        B        C        D        E       F      G
               +--------+--------+--------+--------+--------+-----+--------+
         Total |   2444 |   2384 |     60 |    478 |   1505 |   3 |  814.7 |
       Dungeon |   2444 |   2384 |     60 |    478 |   1505 |   3 |  814.7 |
               +--------+--------+--------+--------+--------+-----+--------+

Top non-repeatable levels by time:
     D:2: 1318 daAuts
     D:1: 922 daAuts
     D:3: 203 daAuts
